 Dungeon Crawl Stone Soup version 0.22-a0-587-g7d32d7c (webtiles) character file.

489 iamserjio the Chopper (level 7, -4/47 HPs)
             Began as a Halfling Berserker on July 4, 2018.
             Was a Believer of Trog.
             Killed by divine providence
             ... invoked by an orc priest
              (9 damage)
             ... on level 4 of the Dungeon.
             The game lasted 00:12:34 (924 turns).

iamserjio the Chopper (Halfling Berserker)           Turns: 924, Time: 00:12:35

Health: -4/47      AC:  4    Str: 20    XL:     7   Next: 36%
Magic:  0/7        EV: 16    Int:  5    God:    Trog [**....]
Gold:   65         SH:  0    Dex: 17    Spells: 6/6 levels left

rFire    + + .     SeeInvis +   y - +0 flail "Zupalin" {flame, rPois rF++ rN+ Dex+3}
rCold    . . .     Gourm    .   (shield restricted)
rNeg     + . .     Faith    .   o - +0 leather armour
rPois    +         Spirit   +   n - +0 helmet
rElec    .         Reflect  .   (no cloak)
rCorr    .         Harm     .   (no gloves)
MR       .....                  (no boots)
Stlth    +.........             u - amulet of guardian spirit
HPRegen  0.15/turn              j - ring of see invisible
MPRegen  0.10/turn              t - ring of wizardry

@: lethally poisoned (-4 -> -5), berserk cooldown, slowed, very slow
A: small, mutation resistance 1
a: Berserk, Trog's Hand, Renounce Religion


You were on level 4 of the Dungeon.
You worshipped Trog.
Trog was pleased with you.
You were very hungry.

You visited 1 branch of the dungeon, and saw 4 of its levels.
You also visited: Sewer.

You collected 65 gold pieces.

Inventory:

Hand Weapons
 a - a +0 hand axe
 l - a +0 hunting sling
 v - a +0 blowgun
 y - the +0 flail "Zupalin" (weapon) {flame, rPois rF++ rN+ Dex+3}
   (You found it in a sewer)

   It has been specially enchanted to burn those struck by it, causing extra
   injury to most foes and up to half again as much damage against particularly
   susceptible opponents.
   It affects your dexterity (+3).
   It greatly protects you from fire.
   It protects you from poison.
   It protects you from negative energy.
Missiles
 m - 40 stones (quivered)
 w - 3 poisoned needles
Armour
 b - a +0 animal skin
 n - a +0 helmet (worn)
 o - a +0 leather armour (worn)
Jewellery
 j - a ring of see invisible (left hand)
 t - a ring of wizardry (right hand)
 u - an amulet of guardian spirit (around neck)
Wands
 k - a wand of enslavement (15)
Scrolls
 f - a scroll of remove curse {@r2}
 p - a scroll of blinking {unknown}
 q - a scroll of fear {unknown}
 s - a scroll of identify {unknown}
Potions
 d - a potion of agility {unknown}
 e - a potion of mutation {unknown}
 g - 2 potions of curing {@q1}
 h - a potion of lignification {unknown}
 i - a potion of haste {unknown}
 r - a potion of ambrosia {unknown}
Comestibles
 c - 5 rations
 x - a chunk of flesh


   Skills:
 + Level 3.9 Fighting
 * Level 5.4 Axes
 * Level 4.3 Armour
 + Level 4.0 Dodging


You had 6 spell levels left.
You didn't know any spells.
Your spell library was empty.

Dungeon Overview and Level Annotations

Branches:
Dungeon (4/15)
 Temple: D:4-7

Altars:
Trog
Yredelemnul


Innate Abilities, Weirdness & Mutations

You are small and have problems with some larger weapons.
You are somewhat resistant to further mutation.


Message History

You feel less resistant to hostile enchantments.
The orc priest hits you. x2
You closely miss the orc priest.
The orc priest is heavily wounded.
You feel sick. The orc priest misses you. The orc priest hits you.
* * * LOW HITPOINT WARNING * * *
You closely miss the orc priest.
The orc priest is heavily wounded.
The orc priest hits you.
* * * LOW HITPOINT WARNING * * *
The orc priest hits you but does no damage.
You barely miss the orc priest.
The orc priest is heavily wounded.
You feel sick.
The orc priest invokes the aid of Beogh against you.
Beogh smites you!
* * * LOW HITPOINT WARNING * * *
The orc priest invokes the aid of Beogh against you.
Beogh smites you!
You die...

#..# ## #..# #.
#..###### #.
.#########.......# #.
............####.# #.
...#...........# #.
..........###### #<
...#O###..############.
.. #oo@..............(.
.###Z###.##############
#....o).....?#
#.#..a...###.#
#........#
#............#
###.#####..#.# ...
.?.#.# .... #... .


You could see an ogre, an orc priest, an orc and a human zombie.

Vanquished Creatures
  Sigmund (D:3)
  A crocodile (Sewer)
  Jessica (D:2)
  Ijyb (D:3)
  A worker ant (D:4)
  Natasha (D:3)
  Robin (D:3)
  4 adders
  2 river rats (D:4)
  5 worms
  2 leopard geckos
  An orc (D:4)
  A ball python (D:3)
  4 giant cockroaches
  11 goblins
  6 hobgoblins
  9 jackals
  6 kobolds
  2 quokkas (D:3)
  3 bats
  A frilled lizard (D:3)
  9 rats
73 creatures vanquished.

Notes
Turn   | Place    | Note
-------+----------+-------------------------------------------
     0 | D:1      | iamserjio the Halfling Berserker began the quest for the Orb.
     0 | D:1      | Reached XP level 1. HP: 15/15 MP: 1/1
    68 | D:1      | Reached XP level 2. HP: 16/20 MP: 2/2
   120 | D:2      | Noticed Jessica
   127 | D:2      | Killed Jessica
   127 | D:2      | Reached XP level 3. HP: 26/26 MP: 3/3
   200 | D:3      | Noticed Robin
   204 | D:3      | Noticed Ijyb
   212 | D:3      | Reached XP level 4. HP: 31/31 MP: 4/4
   215 | D:3      | Killed Ijyb
   215 | D:3      | Reached ** piety under Trog
   217 | D:3      | Killed Robin
   217 | D:3      | Reached skill level 4 in Axes
   236 | D:3      | Reached XP level 5. HP: 8/36 MP: 5/5
   308 | D:3      | Found a bloodstained altar of Trog.
   332 | D:3      | Noticed Sigmund
   350 | D:3      | Killed Sigmund
   350 | D:3      | Reached XP level 6. HP: 42/42 MP: 6/6
   453 | D:3      | Noticed Natasha
   462 | D:3      | Killed Natasha
   462 | D:3      | Reached skill level 5 in Axes
   481 | D:2      | Found a basalt altar of Yredelemnul.
   643 | D:4      | Reached XP level 7. HP: 20/47 MP: 7/7
   681 | D:4      | Found a glowing drain.
   723 | Sewer    | Entered a sewer
   801 | Sewer    | Got a scorched flail
   841 | D:4      | Identified the cursed +0 flail "Zupalin" {flame, rPois rF++ rN+ Dex+3} (You found it in a sewer)
   924 | D:4      | Killed from afar by an orc priest

Vault maps used:
D:1:      lightli_arrival_farm
D:2:      lemuel_upstairs_altar, lemuel_round_altar, grunt_temple_overflow_open,
          minmay_close_crescents, uniq_jessica
D:3:      minmay_wonky_spiral, nicolae_overflow_crystal_walls, uniq_sigmund,
          uniq_natasha, uniq_ijyb, uniq_robin
D:4:      tgw_sif, portal_sewer_entry_a, first_ration, dk_yredelemnul_ordeal
Sewer:    sewer_the_crocodile

Skill      XL: |  1  2  3  4  5  6  7 |
---------------+----------------------+-----
Fighting       | 3 |  3.9
Axes           | 4 5 |  5.4
Dodging        | 3 4 |  4.0
Armour         | 3 4 |  4.3

Action                   |  1- 3 |  4- 6 |  7- 9 || total
-------------------------+-------+-------+-------++-------
Melee: Hand axe          |    33 |   113 |    57 ||   203
       Flail             |       |       |    16 ||    16
Invok: Berserk           |     2 |     2 |     2 ||     6
       Trog's Hand       |       |     2 |     3 ||     5
  Use: Potion            |       |     2 |       ||     2
       Scroll            |       |       |     1 ||     1
 Stab: Sleeping          |       |     1 |       ||     1
  Eat: Chunk             |       |     3 |     4 ||     7
Armor: Animal skin       |     2 |    10 |       ||    12
       Leather armour    |       |    23 |    18 ||    41
Dodge: Dodged            |    24 |   112 |    85 ||   221

Table legend:
 A = Spawn XP
 B = Non-spawn XP
 C = Spawn XP percentage of total XP
 D = Spawn monster count
 E = Non-spawn monster count
 F = Spawn count percentage of total count
 G = Total turns spent on level
                    A         B        C        D         E        F      G
               +---------+---------+-------+---------+---------+-------+---------
         Total |       0 |     699 |   0.0 |       0 |      73 |   0.0 |   924
               +---------+---------+-------+---------+---------+-------+---------
           D:1 |       0 |      17 |   0.0 |       0 |      10 |   0.0 |   124
           D:2 |       0 |      41 |   0.0 |       0 |       3 |   0.0 |    88
           D:3 |       0 |     407 |   0.0 |       0 |      38 |   0.0 |   359
           D:4 |       0 |     124 |   0.0 |       0 |      16 |   0.0 |   236
         Sewer |       0 |     110 |   0.0 |       0 |       6 |   0.0 |   117
               +---------+---------+-------+---------+---------+-------+---------
